 Dungeon Crawl Stone Soup version 0.21.0-25-ge575cb9 (console) character file.

342708 toffzen the Wrestler (level 21, -22/196 HPs)
             Began as a Troll Transmuter on Jan 18, 2018.
             Was a High Priest of Okawaru.
             Killed from afar by a shadow dragon (53 damage)
             ... with a bolt of negative energy
             ... on level 3 of the Vaults on Jan 23, 2018.
             The game lasted 02:50:57 (40400 turns).

toffzen the Wrestler (Troll Transmuter)            Turns: 40400, Time: 02:50:58

Health: -22/196    AC: 12    Str: 33    XL:     21   Next: 11%
Magic:  27/28      EV: 22    Int: 12    God:    Okawaru [*****.]
Gold:   1744       SH:  0    Dex: 17    Spells: 19/22 levels left

rFire    + . .     SeeInvis .     - Unarmed
rCold    + + +     Gourm    +   (no shield)
rNeg     . . .     Faith    .   V - +1 troll leather armour
rPois    +         Spirit   .   M - +1 hat {Int+3}
rElec    +         Reflect  .   G - +0 cloak of the Vacuum {+Blink Slay+2}
rCorr    +         Harm     .   (gloves unavailable)
MR       +....                  (boots unavailable)
Stlth    ++........             (no amulet)
HPRegen  1.22/turn              I - ring "Nemi Xer" {+Inv rElec rF- Str+4 Slay+3}
MPRegen  0.21/turn              Y - ring "Mafopno" {rPois rF+ rC++ Str+5}

@: resistant, heroism, heavily drained
A: large, unfitting armour, claws 3, fast metabolism 3, frail 1, gourmand, sense
surroundings 1, regeneration 1, shaggy fur 1, tough skin 2, subdued magic 1
}: 2/15 runes: barnacled, gossamer
a: Heroism, Finesse, Renounce Religion, Evoke Blink, Evoke Invisibility


You were on level 3 of the Vaults.
You worshipped Okawaru.
Okawaru was extremely pleased with you.
You were completely stuffed.

You visited 6 branches of the dungeon, and saw 34 of its levels.
You visited the Abyss 5 times.

You collected 3379 gold pieces.
You spent 1635 gold pieces at shops.

Inventory:

Missiles
 a - 1255 arrows
 h - 1165 stones
 W - 58 large rocks (quivered)
Armour
 C - a +0 shield of fire resistance
 E - the +2 robe "Goyra" {Str+5}
   (You bought it in a shop on level 6 of the Dungeon)

   It affects your strength (+5).
 G - the +0 cloak of the Vacuum (worn) {+Blink Slay+2}
   (Okawaru gifted it to you on level 3 of the Abyss)

   It affects your accuracy and damage with ranged weapons and melee attacks
   (+2).
   It lets you blink.
 M - a +1 hat of intelligence (worn)
 N - a +1 cloak
 V - a +1 troll leather armour (worn)
 X - a +1 hat
Jewellery
 n - the ring of Ydyivynt {rPois rF- Str+2 Int+3 SInv}
   (You took it off an orc warrior on level 15 of the Dungeon)

   [ring of see invisible]

   It affects your strength (+2).
   It affects your intelligence (+3).
   It makes you vulnerable to fire.
   It protects you from poison.
   It lets you see invisible.
 I - the ring "Nemi Xer" (left claw) {+Inv rElec rF- Str+4 Slay+3}
   (You found it on level 15 of the Dungeon)

   [ring of strength]

   It affects your strength (+4).
   It affects your accuracy and damage with ranged weapons and melee attacks
   (+3).
   It makes you vulnerable to fire.
   It insulates you from electricity.
   It lets you turn invisible.
 Y - the ring "Mafopno" (right claw) {rPois rF+ rC++ Str+5}
   (You found it on level 15 of the Dungeon)

   [ring of poison resistance]

   It affects your strength (+5).
   It protects you from fire.
   It greatly protects you from cold.
   It protects you from poison.
Wands
 g - a wand of iceblast (36)
 o - a wand of paralysis (10)
 y - a wand of flame (99)
 R - a wand of digging (15)
Scrolls
 b - 2 scrolls of torment
 e - 23 scrolls of remove curse
 m - a scroll of blinking
 p - 7 scrolls of teleportation
 t - 7 scrolls of amnesia
 v - 5 scrolls of magic mapping
 x - 8 scrolls of fear
 B - 4 scrolls of fog
 H - a scroll of silence
 J - 6 scrolls of enchant armour
 L - 3 scrolls of acquirement
 P - a scroll of vulnerability
 Q - 2 scrolls of immolation
 T - 2 scrolls of holy word
Potions
 i - 2 potions of might
 j - 7 potions of curing
 k - 4 potions of cancellation
 l - 3 potions of degeneration
 r - 5 potions of brilliance
 s - 5 potions of lignification
 u - a potion of invisibility
 w - a potion of berserk rage
 z - 5 potions of ambrosia
 A - 3 potions of flight
 F - 4 potions of agility
 K - 3 potions of magic
 S - 2 potions of heal wounds
 U - 5 potions of mutation
Books
 c - a book of Changes

   Spells                             Type                      Level
   a - Beastly Appendage              Transmutation                1
   b - Sticks to Snakes               Transmutation                2
   c - Spider Form                    Transmutation/Poison         3
   d - Ice Form                       Ice/Transmutation            4
   e - Blade Hands                    Transmutation                5
 O - a book of Conjurations

   Spells                             Type                      Level
   a - Magic Dart                     Conjuration                  1
   b - Searing Ray                    Conjuration                  2
   c - Dazzling Spray                 Conjuration/Hexes            3
   d - Fulminant Prism                Conjuration/Hexes            4
   e - Force Lance                    Conjuration/Translocation    4
   f - Iskenderun's Mystic Blast      Conjuration                  4
 Z - a book of Debilitation

   Spells                             Type                      Level
   a - Corona                         Hexes                        1
   b - Slow                           Hexes                        2
   c - Inner Flame                    Hexes/Fire                   3
   d - Portal Projectile              Hexes/Translocation          3
   e - Cause Fear                     Hexes                        4
   f - Leda's Liquefaction            Hexes/Earth                  4
Miscellaneous
 q - a fan of gales
Comestibles
 d - 61 rations


   Skills:
 + Level 15.0(18.0) Fighting
 - Level 8.5(11.7) Armour
 + Level 14.7(17.7) Dodging
 * Level 23.0(24.7) Unarmed Combat
 - Level 1.2(0.0) Spellcasting
 - Level 5.9(4.4) Transmutations
 + Level 11.2(9.6) Invocations


You had 19 spell levels left.
You knew the following spells:

 Your Spells              Type           Power        Failure   Level  Hunger
a - Beastly Appendage     Tmut           #.....       4%          1    ##.....
b - Sticks to Snakes      Tmut           #.......     7%          2    ###....


Dungeon Overview and Level Annotations

Branches:
Dungeon (15/15)            Temple (0/1) D:7            Lair (6/6) D:9
 Shoals (4/4) Lair:4       Spider (4/4) Lair:2        Slime (0/5) Lair:6
    Orc (2/2) D:9             Elf (0/3) Orc:2        Vaults (3/5) D:13
 Depths (0/5) D:15
  Crypt: Vaults:2-3

Altars:
Ashenzari
Kikubaaqudgha
Okawaru
Ru
Sif Muna
Vehumet
Beogh
Jiyva

Shops:
D:6 [   D:15 ?**   Orc:2 (!!}   Vaults:1 ?!([   Vaults:2 *?(%

Annotations:
D:3 1 runed door, 2 transporters
D:13 exclusions: door and downstairs
Shoals:2 exclusion: Roxanne, Roxanne
Shoals:4 Ilsuiw


Innate Abilities, Weirdness & Mutations

You are too large for most types of armour.
You have claws for hands.
Your metabolism is lightning-fast.
You like to eat raw meat.
Your natural rate of healing is unusually fast.
You are covered in fur. (AC +1)
You have very tough skin. (AC +2)
You are frail. (-10% HP)
You passively map a small area around you.
Your spells are a little easier to cast, but a little less powerful.


Message History

You feel protected.
The fire giant hits you with a great sword of flaming!!
* * * LOW HITPOINT WARNING * * *
The fire giant burns you.
* * * LOW HITPOINT WARNING * * *
A shadow dragon comes into view.
You scratch the fire giant but do no damage.
The fire giant is heavily wounded.
You completely miss the fire giant.
The fire giant is heavily wounded.
You eviscerate the fire giant!!!!
You kill the fire giant!
Okawaru accepts your kill.
You feel much better.
The shadow dragon breathes negative energy at you.
The bolt of negative energy hits you!
You feel drained.
* * * LOW HITPOINT WARNING * * *
The shadow dragon breathes negative energy at you.
The bolt of negative energy hits you!
You feel drained.
You die...

#.#..'...# , *
##'####### *+
#.#..#...# * ,
#.#..#.8.# ,
#####'...#* *
, #.#.D#...#
,* ,
#.#..#.>.# ,*
#.#..#..o#
##@###...o#**
#.#..#.8.#..*,
#.#..#...#..#
##'####### #'#
#.#..# , ,#.#*
, ######* * *
## *


You could see a shadow dragon.

Vanquished Creatures
  Mara (Shoals:3)
  Nikola (Spider:1)
  2 bone dragons (Abyss:3)
  Jorgrun (Shoals:2)
  A tentacled monstrosity (Abyss:3)
  A Hell Sentinel (Abyss:3)
  The ghost of theanonym the Severer, an adept TeBe of Trog (Shoals:2)
  3 liches (Abyss:3)
  Polyphemus (Shoals:3)
  11 tentacled starspawn (Abyss:3)
  An Executioner (Abyss:3)
  A sphinx (Vaults:2)
  Kirke (D:14)
  A tengu reaver (D:15)
  A fire giant (Vaults:3)
  Louise (Shoals:2)
  5 deep elf sorcerers
  3 frost giants
  3 ghost moths (Spider:4)
  4 vault wardens
  8 emperor scorpions
  An angel (Abyss:3)
  A cacodemon (Abyss:3)
  2 stone giants
  7 ironheart preservers
  4 very ugly things (Abyss:3)
  3 entropy weavers
  38 starcursed masses
  A deep elf demonologist (Vaults:1)
  A lorocyproca (Abyss:3)
  A green draconian (Abyss:3)
  A white draconian (Abyss:3)
  A red draconian (Abyss:3)
  Snorg (Lair:5)
  A purple draconian (Abyss:3)
  A deep elf death mage (Vaults:1)
  2 green deaths (Abyss:3)
  8 merfolk impalers
  A merfolk javelineer (Shoals:4)
  4 great orbs of eyes
  6 yaktaur captains
  9 vault guards
  A great orb of eyes (shapeshifter) (D:13)
  An ice dragon (D:15)
  2 rakshasas
  7 hydras
  A naga warrior (Abyss:3)
  12 centaur warriors
  3 catoblepae
  2 merfolk aquamancers (Shoals:4)
  A satyr (Shoals:2)
  5 dancing weapons
  7 ogre magi
  24 two-headed ogres
  2 deep troll shamans
  12 death yaks
  17 thrashing horrors
  Urug (Lair:5)
  A titan zombie (Abyss:3)
  A hell hog (Abyss:3)
  Nergalle (Orc:2)
  Sonja (Lair:3)
  A sun demon (Abyss:3)
  2 deep elf knights (Vaults:2)
  A shadow wraith (Vaults:1)
  3 sixfirhies (Abyss:3)
  A hell knight (Abyss:3)
  3 fire crabs
  4 sea snakes
  A flayed ghost (D:15)
  13 skeletal warriors
  A glowing orange brain (Abyss:2)
  A death drake (shapeshifter) (Vaults:1)
  6 wizards
  4 spatial maelstroms (Abyss:3)
  7 unseen horrors
  14 wretched stars (Abyss:3)
  Pikel (D:5)
  A deep elf archer (Vaults:2)
  10 ironbrand convokers
  11 orc knights
  A lindwurm (Lair:6)
  13 orb spiders
  10 deep elf magi
  A necromancer (Vaults:1)
  8 orc sorcerers
  A shining eye (Abyss:3)
  7 cyclopes
  14 ugly things
  8 fauns
  38 wolf spiders
  4 worldbinders (Abyss:3)
  A salamander (Abyss:3)
  2 elephants (Lair:6)
  9 manticores
  3 water nymphs
  4 vault sentinels
  Joseph (D:10)
  3 black mambas
  A rust devil (Abyss:3)
  8 merfolk sirens
  A guardian serpent (shapeshifter) (Vaults:1)
  5 centaur zombies
  A naga mage (Abyss:3)
  Maurice (D:10)
  4 smoke demons
  12 spiny frogs
  3 torpor snails
  2 guardian serpents
  2 apocalypse crabs (Abyss:3)
  6 centaur skeletons
  5 orange demons
  An efreet (Abyss:3)
  A rime drake (Lair:1)
  13 demonic crawlers
  4 komodo dragons
  A tormentor (Abyss:3)
  6 kobold demonologists (D:14)
  A tengu conjurer (D:15)
  A yaktaur zombie (Vaults:1)
  16 yaktaurs
  An entropy weaver simulacrum (Vaults:1)
  11 ancient zymes (Abyss:3)
  A freezing wraith (Vaults:2)
  6 trolls
  A hellwing (Abyss:3)
  A queen bee (D:14)
  2 polar bears
  19 merfolk
  26 jumping spiders
  2 meliai (D:14)
  A hydra zombie (Abyss:3)
  A troll (shapeshifter) (Vaults:2)
  A blink frog (shapeshifter) (Vaults:2)
  23 blink frogs
  3 wind drakes
  9 hornets
  5 slime creatures
  11 dream sheep
  31 raiju (Abyss:3)
  A stone giant simulacrum (Vaults:1)
  A dire elephant simulacrum (Abyss:3)
  14 hippogriffs
  Sigmund (D:5)
  3 shadows
  58 redbacks
  5 ynoxinuls (Abyss:3)
  5 water elementals
  A centaur simulacrum (D:15)
  3 vampires
  30 tarantellas
  A fire bat (shapeshifter) (Vaults:1)
  2 spriggans
  4 wyverns
  2 hogs (shapeshifter)
  26 yaks
  19 humans
  2 fire elementals (Abyss:3)
  4 hogs (D:7)
  2 golden eyes (Abyss:3)
  6 wraiths
  2 basilisks
  4 hungry ghosts
  9 neqoxecs
  6 chaos spawn
  A vampire mosquito (D:15)
  30 large abominations
  A warg (Vaults:1)
  A human simulacrum (Vaults:1)
  2 nagas (Abyss:3)
  6 spatial vortices (Abyss:3)
  6 insubstantial wisps (Abyss:3)
  5 acid dragons
  2 floating eyes (D:15)
  14 hell hounds (Abyss:3)
  A water moccasin (shapeshifter) (Abyss:3)
  19 water moccasins
  30 orc warriors
  7 porcupines
  A hornet zombie (Vaults:1)
  9 ice beasts
  5 sky beasts
  2 black bears
  A fire dragon simulacrum (Abyss:3)
  A slave (D:5)
  4 phantoms
  16 ogres
  2 eyes of draining
  A necrophage (D:5)
  19 wolves
  32 centaurs
  12 boggarts
  A wolf (shapeshifter) (Vaults:1)
  12 crocodiles
  13 small abominations (Abyss:3)
  5 big kobolds
  15 bullfrogs
  A wyvern zombie (D:13)
  4 scorpions
  2 troll zombies (D:9)
  26 killer bees
  3 wights (D:7)
  4 electric eels
  3 howler monkeys
  7 crimson imps
  A bullfrog zombie (D:9)
  5 quasits
  13 orc priests
  4 hounds
  6 jellies
  36 orc wizards
  5 bullfrog skeletons
  An iguana (D:9)
  4 iron imps (Abyss:3)
  Ijyb (D:5)
  Jessica (D:3)
  16 worker ants
  4 ogre zombies (D:9)
  A hound zombie (D:7)
  Robin (D:3)
  A worker ant zombie (D:10)
  10 gnolls
  8 adders
  4 shadow imps
  3 white imps (Abyss:3)
  5 ufetubi (Abyss:3)
  2 adder skeletons
  5 worms
  3 dart slugs
  3 leopard geckos
  70 orcs
  8 bats
  9 giant cockroaches
  19 goblins
  8 hobgoblins
  13 jackals
  22 kobolds
  7 quokkas
  2 frilled lizards
  A goblin skeleton (D:9)
  A goblin zombie (D:9)
  5 hobgoblin zombies (D:9)
  2 leopard gecko skeletons
  A leopard gecko zombie (D:8)
  4 orc skeletons (D:9)
  8 orc zombies
  10 rats
  4 crawling corpses (Vaults:1)
  A lurking horror (Abyss:3)
  14 plants
  A starspawn tentacle (Abyss:3)
1601 creatures vanquished.

Vanquished Creatures (collateral kills)
  A wizard (D:13)
  A goblin zombie (D:9)
2 creatures vanquished.

Vanquished Creatures (others)
  A tentacled starspawn (Abyss:3)
  A merfolk aquamancer (Shoals:4)
  A large abomination (Abyss:3)
  2 small abominations (Abyss:3)
  A ynoxinul (Abyss:3)
  A tarantella (Spider:3)
  3 humans (D:14)
  2 golden eyes (Abyss:3)
  2 neqoxecs (Abyss:3)
  An eye of draining (Abyss:3)
  A boggart (Vaults:2)
  An ufetubus (Abyss:3)
  7 fungi
  3 lurking horrors (Abyss:3)
  34 plants
  18 starspawn tentacles (Abyss:3)
79 creatures vanquished.

Grand Total: 1682 creatures vanquished

Notes
Turn   | Place    | Note
-------+----------+-------------------------------------------
     0 | D:1      | toffzen the Troll Transmuter began the quest for the Orb.
     0 | D:1      | Reached XP level 1. HP: 18/18 MP: 1/1
    51 | D:1      | Reached skill level 1 in Fighting
    59 | D:1      | Reached XP level 2. HP: 24/27 MP: 2/2
   409 | D:2      | Noticed an ice beast
   506 | D:2      | Reached XP level 3. HP: 33/33 MP: 3/3
   557 | D:2      | Found a sacrificial altar of Ru.
   626 | D:1      | Killed an ice beast
   626 | D:1      | Reached skill level 4 in Unarmed Combat
   626 | D:1      | Reached XP level 4. HP: 17/42 MP: 4/4
   822 | D:2      | Reached XP level 5. HP: 47/49 MP: 5/5
   959 | D:2      | Found a faded altar of an unknown god.
  1194 | D:3      | Found a runed door.
  1230 | D:3      | Noticed Jessica
  1239 | D:3      | Killed Jessica
  1521 | D:3      | Reached skill level 5 in Unarmed Combat
  1584 | D:3      | Found a transporter.
  1602 | D:3      | Noticed a kobold demonologist
  1616 | D:3      | Found a transporter.
  1877 | D:3      | You fall through a shaft for 3 floors!
  1886 | D:5      | Entered Level 5 of the Dungeon
  1947 | D:4      | Reached XP level 6. HP: 59/59 MP: 6/6
  2171 | D:4      | Noticed Robin
  2325 | D:3      | Killed Robin
  2381 | D:3      | Reached skill level 6 in Unarmed Combat
  2394 | D:4      | Reached XP level 7. HP: 64/66 MP: 7/7
  2725 | D:4      | Found an iron altar of Okawaru.
  2773 | D:4      | Became a worshipper of Warmaster Okawaru
  3026 | D:5      | Noticed Ijyb
  3043 | D:5      | Killed Ijyb
  3161 | D:5      | Learned a level 2 spell: Sticks to Snakes
  3332 | D:5      | Noticed Pikel
  3364 | D:5      | Killed Pikel
  3364 | D:5      | Reached * piety under Okawaru
  3364 | D:5      | Reached XP level 8. HP: 54/75 MP: 8/8
  3466 | D:5      | Noticed Sigmund
  3480 | D:5      | Killed Sigmund
  3480 | D:5      | Reached skill level 1 in Invocations
  3979 | D:6      | Reached skill level 7 in Unarmed Combat
  4058 | D:6      | Reached skill level 5 in Transmutations
  4308 | D:6      | Found Nuafeph's Armour Emporium.
  4316 | D:6      | Bought the +2 robe "Goyra" {Str+5} for 282 gold pieces
  4447 | D:6      | Found an ancient bone altar of Kikubaaqudgha.
  4816 | D:7      | Reached XP level 9. HP: 84/84 MP: 9/9
  4861 | D:7      | Reached ** piety under Okawaru
  4878 | D:7      | Reached skill level 8 in Unarmed Combat
  5248 | D:7      | Got an ancient whip
  5350 | D:7      | Found a staircase to the Ecumenical Temple.
  5378 | D:7      | Reached skill level 9 in Unarmed Combat
  5777 | D:8      | Noticed a cyan ugly thing
  5783 | D:8      | Killed a cyan ugly thing
  5783 | D:8      | Reached *** piety under Okawaru
  5783 | D:8      | Reached skill level 5 in Fighting
  5783 | D:8      | Reached XP level 10. HP: 71/96 MP: 8/12
  5977 | D:8      | Reached skill level 5 in Dodging
  6171 | D:8      | Paralysed by a hornet for 3 turns
  6178 | D:8      | Paralysed by a hornet for 1 turns
  6489 | D:8      | Noticed a two-headed ogre
  6511 | D:8      | Killed a two-headed ogre
  6511 | D:8      | Reached **** piety under Okawaru
  6511 | D:8      | Received a gift from Okawaru
  6511 | D:8      | Reached skill level 10 in Unarmed Combat
  6816 | D:8      | Found an iron altar of Okawaru.
  6907 | D:9      | Upgraded the game from 0.21.0-3-g78d12a8 to 0.21.0-22-g11d5b52
  6909 | D:9      | Noticed a two-headed ogre
  6917 | D:8      | Reached skill level 5 in Invocations
  7079 | D:9      | Killed a two-headed ogre
  7178 | D:9      | Found a staircase to the Lair.
  7213 | D:9      | Reached XP level 11. HP: 84/105 MP: 14/14
  7236 | D:9      | Noticed a two-headed ogre
  7286 | D:9      | Reached skill level 11 in Unarmed Combat
  7345 | D:9      | Found a staircase to the Orcish Mines.
  7727 | D:9      | Killed a two-headed ogre
  7727 | D:9      | Reached ***** piety under Okawaru
  7939 | Lair:1   | Entered Level 1 of the Lair of Beasts
  8174 | Lair:1   | Noticed a four-headed hydra
  8187 | Lair:1   | Killed an eight-headed hydra
  8362 | Lair:1   | Noticed a seven-headed hydra
  8372 | Lair:1   | Killed a 12-headed hydra
  8810 | Lair:1   | Reached skill level 12 in Unarmed Combat
  9286 | Lair:2   | Found a deep blue altar of Sif Muna.
  9682 | Lair:2   | Found a hole to the Spider Nest.
  9694 | Lair:2   | Reached XP level 12. HP: 100/118 MP: 8/16
 10045 | Lair:2   | Received a gift from Okawaru
 10048 | Lair:2   | Got a faintly glowing quarterstaff {god gift}
 10051 | Lair:2   | Noticed an eight-headed hydra
 10372 | Lair:2   | Noticed a seven-headed hydra
 10457 | Lair:2   | Killed a 17-headed hydra
 10562 | Lair:3   | Found a labyrinth entrance.
 10800 | Lair:3   | Noticed an eight-headed hydra
 10922 | D:10     | Entered Level 10 of the Dungeon
 10975 | D:10     | Noticed Maurice
 10989 | D:10     | Killed Maurice
 11131 | D:10     | Noticed a two-headed ogre
 11139 | D:10     | Killed a two-headed ogre
 11139 | D:10     | Reached skill level 13 in Unarmed Combat
 11213 | D:10     | Noticed Joseph
 11230 | D:10     | Killed Joseph
 11264 | D:10     | Noticed a two-headed ogre
 11278 | D:10     | Killed a two-headed ogre
 12013 | D:11     | Noticed a two-headed ogre
 12036 | D:11     | Killed a two-headed ogre
 12036 | D:11     | Received a gift from Okawaru
 12867 | D:12     | Noticed a two-headed ogre
 12876 | D:12     | Killed a two-headed ogre
 12876 | D:12     | Reached XP level 13. HP: 122/128 MP: 12/18
 13942 | D:13     | Reached skill level 14 in Unarmed Combat
 13998 | D:13     | Cast into level 2 of the Abyss (a wizard)
 13999 | Abyss:2  | Found a corrupted altar of Lugonu.
 14073 | Abyss:2  | Noticed a black draconian
 14160 | Abyss:2  | Noticed a tentacled starspawn
 14308 | Abyss:2  | Noticed a starcursed mass
 14318 | Abyss:2  | Killed a starcursed mass
 14346 | Abyss:2  | Gained mutation: Your spells are a little easier to cast, but a little less powerful. [a neqoxec]
 14475 | Abyss:3  | Noticed a starcursed mass
 14601 | D:13     | Escaped the Abyss
 14761 | D:13     | Identified the Catalogue of the Rocks and Arcane Weapons
 15669 | D:13     | Found a gate to the Vaults.
 15853 | D:13     | Reached skill level 15 in Unarmed Combat
 15914 | D:13     | Found a shattered altar of Ashenzari.
 16035 | D:13     | Reached XP level 14. HP: 133/140 MP: 20/20
 16568 | D:14     | Noticed Kirke
 16589 | D:14     | Killed Kirke
 16589 | D:14     | Received a gift from Okawaru
 17398 | D:14     | Found a large runed door.
 17399 | D:14     | Found a large runed door.
 17578 | D:14     | Reached skill level 10 in Invocations
 17755 | D:14     | Reached skill level 16 in Unarmed Combat
 18003 | D:15     | Entered Level 15 of the Dungeon
 18013 | D:15     | Reached skill level 10 in Fighting
 18115 | D:15     | Reached skill level 10 in Dodging
 18294 | D:15     | Received a gift from Okawaru
 18317 | D:15     | Got a flickering lead ring
 18320 | D:15     | Identified the ring "Mafopno" {rPois rF+ rC++ Str+5} (You found it on level 15 of the Dungeon)
 18333 | D:15     | Noticed a frost giant
 18337 | D:15     | Killed a frost giant
 18369 | D:15     | Reached skill level 1 in Armour
 18483 | D:15     | Noticed a tengu reaver
 18493 | D:15     | Killed a tengu reaver
 18493 | D:15     | Reached XP level 15. HP: 55/149 MP: 18/21
 18827 | D:15     | Found Heehira's General Store.
 18853 | D:15     | Bought a potion of haste for 170 gold pieces
 19021 | D:15     | Identified the ring "Nemi Xer" {+Inv rElec rF- Str+4 Slay+3} (You found it on level 15 of the Dungeon)
 19037 | D:15     | Found a staircase to the Depths.
 19037 | D:15     | Noticed a frost giant
 19041 | D:15     | Killed a frost giant
 19069 | D:15     | Received a gift from Okawaru
 19313 | D:15     | Found Teumnux's Magic Scroll Emporium.
 19332 | D:15     | Bought a scroll of blinking for 105 gold pieces
 19332 | D:15     | Bought a scroll of blinking for 105 gold pieces
 19358 | D:15     | Reached skill level 5 in Armour
 19466 | D:15     | Found Vumedomo's General Store.
 19581 | D:15     | Got a vibrating pewter ring
 19582 | D:15     | Identified the ring of Ydyivynt {rPois rF- Str+2 Int+3 SInv} (You took it off an orc warrior on level 15 of the Dungeon)
 19932 | Lair:3   | Noticed Sonja
 19944 | Lair:3   | Killed Sonja
 20681 | Lair:4   | Found a staircase to the Shoals.
 20895 | Lair:4   | Received a gift from Okawaru
 21071 | Lair:5   | Noticed Snorg
 21099 | Lair:5   | Killed Snorg
 21366 | Lair:5   | Noticed Urug
 21370 | Lair:5   | Killed Urug
 21644 | Lair:5   | Got an ominously black robe
 21655 | Lair:5   | Identified the +1 robe "Unwy" {rElec MR- Dex+3} (You found it on level 5 of the Lair of Beasts)
 21685 | Lair:5   | Reached XP level 16. HP: 153/161 MP: 22/22
 21877 | Lair:5   | Reached skill level 17 in Unarmed Combat
 21884 | Lair:5   | Received a gift from Okawaru
 22006 | Lair:6   | Entered Level 6 of the Lair of Beasts
 22634 | Lair:6   | Found a viscous altar of Jiyva.
 22634 | Lair:6   | Found a staircase to the Slime Pits.
 23093 | Orc:1    | Entered Level 1 of the Orcish Mines
 23215 | Orc:2    | Entered Level 2 of the Orcish Mines
 23215 | Orc:2    | Found a staircase to the Elven Halls.
 24025 | Orc:2    | Found Ymon's Distillery.
 24032 | Orc:2    | Bought 2 potions of heal wounds for 160 gold pieces
 24032 | Orc:2    | Bought a potion of haste for 160 gold pieces
 24032 | Orc:2    | Bought a potion of curing for 48 gold pieces
 24032 | Orc:2    | Bought a potion of curing for 48 gold pieces
 24032 | Orc:2    | Bought a potion of agility for 64 gold pieces
 24066 | Orc:2    | Found Mepnel's Gadget Boutique.
 24087 | Orc:2    | Found an ancient bone altar of Kikubaaqudgha.
 24088 | Orc:2    | Noticed Nergalle
 24101 | Orc:2    | Killed Nergalle
 24126 | Orc:2    | Found Ememext's Distillery.
 24166 | Orc:2    | Found a radiant altar of Vehumet.
 24223 | Orc:2    | Found a roughly hewn altar of Beogh.
 24238 | Orc:2    | Found Loohagg's Antique Weapon Shop.
 24543 | Spider:1 | Entered Level 1 of the Spider Nest
 24544 | Spider:1 | Upgraded the game from 0.21.0-22-g11d5b52 to 0.21.0-24-g2553a33
 24546 | Spider:1 | Found the +12 glaive of Prune {chop}
 24606 | Spider:1 | Noticed Nikola
 24630 | Spider:1 | Killed Nikola
 24630 | Spider:1 | Received a gift from Okawaru
 26341 | Spider:3 | Reached XP level 17. HP: 170/170 MP: 24/24
 26570 | Spider:3 | Reached skill level 18 in Unarmed Combat
 26586 | Spider:3 | Received a gift from Okawaru
 27425 | Spider:3 | Received a gift from Okawaru
 27807 | Spider:4 | Entered Level 4 of the Spider Nest
 29014 | Spider:4 | Got a gossamer rune of Zot
 29808 | Shoals:1 | Entered Level 1 of the Shoals
 29899 | Shoals:2 | Noticed Louise
 29918 | Shoals:2 | Cast into level 3 of the Abyss (Louise)
 30075 | Abyss:3  | Reached skill level 19 in Unarmed Combat
 30153 | Shoals:2 | Escaped the Abyss
 30239 | Shoals:2 | Noticed Roxanne
 30292 | Shoals:2 | Noticed Jorgrun
 30388 | Shoals:2 | Killed Jorgrun
 30520 | Shoals:2 | Cast into level 3 of the Abyss (Louise)
 30537 | Abyss:3  | Reached XP level 18. HP: 155/183 MP: 23/25
 30748 | Abyss:3  | Noticed a lich
 30755 | Abyss:3  | Killed a lich
 30879 | Shoals:2 | Escaped the Abyss
 30897 | Shoals:2 | Killed Louise
 31524 | Shoals:2 | Noticed theanonym's ghost (adept TeBe)
 31541 | Shoals:2 | Killed theanonym's ghost
 31626 | Shoals:4 | Entered Level 4 of the Shoals
 31626 | Shoals:4 | Noticed Ilsuiw
 31789 | Shoals:3 | Identified 2 scrolls of acquirement
 32142 | Shoals:3 | Noticed Mara
 32146 | Shoals:3 | Noticed toffzen's illusion
 32179 | Shoals:3 | Killed Mara
 32179 | Shoals:3 | Received a gift from Okawaru
 32277 | Shoals:3 | Noticed Polyphemus
 32292 | Shoals:3 | Killed Polyphemus
 32356 | Shoals:4 | Reached skill level 20 in Unarmed Combat
 32633 | Shoals:4 | Got a barnacled rune of Zot
 33071 | Vaults:1 | Entered Level 1 of the Vaults
 33442 | Vaults:1 | Found Giroetuj's Magic Scroll Shop.
 33477 | Vaults:1 | Found Gith's Distillery.
 33478 | Vaults:1 | Bought a scroll of enchant armour for 150 gold pieces
 33484 | Vaults:1 | Bought a potion of cancellation for 88 gold pieces
 33484 | Vaults:1 | Bought a potion of heal wounds for 55 gold pieces
 33484 | Vaults:1 | Bought a potion of heal wounds for 55 gold pieces
 33484 | Vaults:1 | Bought a potion of heal wounds for 55 gold pieces
 33532 | Vaults:1 | Received a gift from Okawaru
 33835 | Vaults:1 | Reached XP level 19. HP: 162/193 MP: 20/26
 33858 | Vaults:1 | Cast into level 3 of the Abyss (a deep elf demonologist)
 34048 | Abyss:3  | Noticed a bone dragon
 34732 | Abyss:3  | Reached skill level 21 in Unarmed Combat
 35340 | Abyss:3  | Received a gift from Okawaru
 35430 | Abyss:3  | Noticed a hellephant
 35438 | Abyss:3  | Noticed a hellephant
 35730 | Abyss:3  | Gained mutation: You are frail. (-10% HP) [a neqoxec]
 36021 | Abyss:3  | Noticed a bone dragon
 36038 | Abyss:3  | Killed a bone dragon
 36044 | Abyss:3  | Received a gift from Okawaru
 36053 | Abyss:3  | Got an ichor-stained cloak {god gift}
 36096 | Abyss:3  | Identified the +0 cloak of the Vacuum {+Blink Slay+2} (Okawaru gifted it to you on level 3 of the Abyss)
 36169 | Abyss:3  | Reached XP level 20. HP: 185/185 MP: 25/27
 36422 | Abyss:3  | Reached skill level 22 in Unarmed Combat
 36623 | Abyss:3  | Noticed a bone dragon
 36634 | Abyss:3  | Killed a bone dragon
 36649 | Abyss:3  | Received a gift from Okawaru
 36724 | Abyss:3  | Gained mutation: You passively map a small area around you. [a neqoxec]
 36883 | Vaults:1 | Escaped the Abyss
 37224 | Vaults:1 | Found Guiloumu's Weapon Boutique.
 37426 | Vaults:1 | Found Iwopseq's Armour Boutique.
 38124 | Vaults:2 | Found Miotess's Magic Scroll Shop.
 38603 | Vaults:2 | Found Saiprott's Food Boutique.
 38676 | Vaults:2 | Received a gift from Okawaru
 38950 | Vaults:2 | Received a gift from Okawaru
 39369 | Vaults:2 | Found Naj Uciun's General Store.
 39380 | Vaults:2 | Bought a scroll of enchant armour for 90 gold pieces
 39430 | Vaults:2 | Found Roroweow's Antique Weapon Shoppe.
 39713 | Vaults:2 | Reached XP level 21. HP: 193/195 MP: 28/28
 39792 | Vaults:2 | Cast into level 3 of the Abyss (a deep elf sorcerer)
 39803 | Abyss:3  | Found a corrupted altar of Lugonu.
 39819 | Vaults:2 | Escaped the Abyss
 39822 | Vaults:2 | Reached skill level 15 in Fighting
 40201 | Vaults:2 | Upgraded the game from 0.21.0-24-g2553a33 to 0.21.0-25-ge575cb9
 40354 | Vaults:3 | Reached skill level 23 in Unarmed Combat
 40400 | Vaults:3 | Killed from afar by a shadow dragon

Skill      XL: |  1  2  3  4  5  6  7  8  9 10 11 12 13 14 15 16 17 18 19 20 21 |
---------------+----------------------------------------------------------------+-----
Fighting       | 1 2 3 5 6 7 8 9 10 11 12 13 14 15 | 15.0
Dodging        | 2 3 4 5 7 8 9 10 11 12 13 14 | 14.7
Unarmed Combat | 4 5 6 7 9 10 12 13 15 16 17 19 20 21 22 23 | 23.0
Transmutations | 4 5 |  5.9
Invocations    | 2 4 5 6 8 9 10 11 | 11.2
Armour         | 1 7 8 |  8.5
Spellcasting   | |  1.2

Action                   |  1- 3 |  4- 6 |  7- 9 | 10-12 | 13-15 | 16-18 | 19-21 || total
-------------------------+-------+-------+-------+-------+-------+-------+-------++-------
Melee: Unarmed           |    66 |   197 |   254 |   589 |   931 |  1276 |  1037 ||  4350
       Punch             |     2 |     4 |    13 |    58 |   133 |   173 |   173 ||   556
       Headbutt          |       |       |       |       |     3 |       |       ||     3
Throw: Stone             |       |       |    18 |     3 |       |       |       ||    21
       Large rock        |       |       |       |       |       |    26 |     5 ||    31
 Cast: Sticks to Snakes  |       |       |     6 |    12 |    21 |     7 |       ||    46
       Beastly Appendage |       |       |       |       |     1 |       |       ||     1
Invok: Heroism           |       |       |    11 |    45 |    61 |    63 |    40 ||   220
       Finesse           |       |       |       |     5 |    21 |    21 |    10 ||    57
Evoke: Wand              |       |       |       |     5 |       |     5 |       ||    10
  Use: Scroll            |     1 |     3 |     5 |    14 |    14 |    14 |     7 ||    58
       Potion            |       |       |     1 |     9 |     4 |    20 |     7 ||    41
 Stab: Sleeping          |     1 |     2 |     1 |     4 |     8 |       |     1 ||    17
       Distracted        |       |       |     3 |     2 |     1 |     2 |     1 ||     9
       Petrifying        |       |       |       |       |       |     3 |       ||     3
       Petrified         |       |       |       |       |       |     1 |       ||     1
       Held in net/web   |       |       |       |       |       |     1 |       ||     1
  Eat: Chunk             |    11 |    16 |    31 |    63 |    80 |   107 |    37 ||   345
       Ration            |       |       |       |     1 |     2 |     1 |     6 ||    10
Armor: Robe              |    34 |    58 |    23 |   102 |    75 |       |       ||   292
       Animal skin       |       |     3 |    25 |       |       |       |       ||    28
       Troll leather arm |       |       |       |       |    79 |   290 |   107 ||   476
Dodge: Dodged            |    49 |   109 |   111 |   347 |   560 |   814 |   464 ||  2454
